[Event "ICC tourney 2332 (75 10)"]
[Site "Internet Chess Club"]
[Date "2021.01.24"]
[Round "6"]
[White "Ananya22609"]
[Black "kwen2008"]
[Result "1-0"]
[ICCResult "Black resigns"]
[WhiteElo "1625"]
[BlackElo "1730"]
[Opening "Scotch: Blumenfeld attack"]
[ECO "C45"]
[NIC "SO.05"]
[Time "20:01:55"]
[PlyCount "59"]
[TimeControl "4500+10"]

1. e4 e5 2. Nf3 Nc6 3. d4 exd4 4. Nxd4 Bc5 5. Be3 Qf6 6. Nb5 Bxe3 7. fxe3
Qd8 8. Qg4 g6 9. Qf4 d6 10. Bc4 Ne5 11. O-O Qe7 12. N1c3 Nf6 13. Qxf6 Qxf6
14. Rxf6 Ke7 15. Nd5+ Kf8 16. Nbxc7 Rb8 17. Bb3 Kg7 18. Raf1 a6 19. Nb6 Bf5
20. Rxd6 Bxe4 21. Nc4 Nxc4 22. Bxc4 Rhf8 23. Rd7 Bf5 24. Ne6+ Bxe6 25. Bxe6
Kh8 26. Rfxf7 Rxf7 27. Rxf7 Re8 28. Bd5 Rxe3 29. Kf2 Re8 30. Bxb7 { Black
resigns } 1-0

[Event "ICC tourney 2332 (75 10)"]
[Site "Internet Chess Club"]
[Date "2021.01.24"]
[Round "6"]
[White "karuto2006"]
[Black "SuperBlueSky"]
[Result "1-0"]
[ICCResult "Black checkmated"]
[WhiteElo "1760"]
[BlackElo "1562"]
[Opening "Ruy Lopez: Marshall, main line, 14...Qh3"]
[ECO "C89"]
[NIC "RL.17"]
[Time "20:01:58"]
[PlyCount "101"]
[TimeControl "4500+10"]

1. e4 e5 2. Nf3 Nc6 3. Bb5 a6 4. Ba4 Nf6 5. O-O Be7 6. Re1 b5 7. Bb3 O-O 8.
c3 d5 9. exd5 Nxd5 10. Nxe5 Nxe5 11. Rxe5 c6 12. d4 Bd6 13. Re1 Qh4 14. g3
Qh3 15. Qe2 Bg4 16. Qf1 Qh5 17. Nd2 Rae8 18. f3 Rxe1 19. Qxe1 Bxf3 20. Nxf3
Qxf3 21. a4 Nf6 22. Qf1 Qe4 23. axb5 axb5 24. Bg5 Ng4 25. Re1 Qg6 26. Bf4
Qf6 27. h3 Nh6 28. Bxd6 Qxd6 29. Qf3 g6 30. g4 Kg7 31. Kg2 f5 32. g5 Nf7
33. Re6 Qd7 34. Qe3 Qa7 35. Re7 Qa8 36. Qe5+ Kg8 37. Bxf7+ Rxf7 38. Re8+
Rf8 39. Rxa8 Rxa8 40. Qe6+ Kh8 41. Qxc6 Ra2 42. Qxb5 Kg7 43. Qb7+ Kh8 44.
d5 Ra1 45. d6 Rd1 46. d7 Kg8 47. Qb3+ Kg7 48. Qxd1 f4 49. d8=Q f3+ 50. Kf1
Kf7 51. Q1d7# { Black checkmated } 1-0

[Event "ICC tourney 2332 (75 10)"]
[Site "Internet Chess Club"]
[Date "2021.01.24"]
[Round "6"]
[White "uzkuzk"]
[Black "wahoo"]
[Result "1-0"]
[ICCResult "Black checkmated"]
[WhiteElo "1824"]
[BlackElo "1645"]
[Opening "Giuoco Pianissimo"]
[ECO "C50"]
[NIC "IG.02"]
[Time "20:01:56"]
[PlyCount "125"]
[TimeControl "4500+10"]

1. e4 e5 2. Nf3 Nc6 3. Bc4 Bc5 4. d3 Nf6 5. c3 O-O 6. O-O d6 7. Bb3 Bg4 8.
Re1 h6 9. Nbd2 Re8 10. h3 Bh5 11. Nf1 d5 12. exd5 Nxd5 13. Ng3 Bg6 14. Nxe5
Bxf2+ 15. Kxf2 Nxe5 16. Bc2 Qf6+ 17. Kg1 Qb6+ 18. Kh1 Qf2 19. Ne4 Bxe4 20.
Rxe4 f5 21. Re2 Qg3 22. Qe1 Qxe1+ 23. Rxe1 Nd7 24. Rf1 Re2 25. Bd1 Re5 26.
d4 Re7 27. Bd2 Ne3 28. Bb3+ Kh8 29. Rf3 Rae8 30. Re1 f4 31. Rxf4 Nb6 32.
Rxe3 Rxe3 33. Bxe3 Rxe3 34. Rf8+ Kh7 35. Bc2+ g6 36. Rf7+ Kg8 37. Rxc7 Re1+
38. Kh2 Re2 39. Bxg6 Rxb2 40. Rxb7 Kh8 41. Bf7 Rc2 42. Rxa7 Rxc3 43. Ra6
Nd7 44. Be8 Nf8 45. Rxh6+ Kg7 46. Ra6 Rd3 47. Ra7+ Kh8 48. Bd7 Rxd4 49. Bf5
Rd5 50. g4 Rd2+ 51. Kg3 Re2 52. h4 Re3+ 53. Kf4 Re1 54. Kg5 Rc1 55. Rf7 Kg8
56. Ra7 Kh8 57. a4 Rf1 58. Kf6 Rf4 59. Kf7 Rf1 60. Ra8 Rxf5+ 61. gxf5 Kh7
62. Rxf8 Kh6 63. Rh8# { Black checkmated } 1-0

[Event "ICC tourney 2332 (75 10)"]
[Site "Internet Chess Club"]
[Date "2021.01.24"]
[Round "6"]
[White "yanje03"]
[Black "UltimateDL"]
[Result "1/2-1/2"]
[ICCResult "Game drawn by mutual agreement"]
[WhiteElo "1508"]
[BlackElo "1631"]
[Opening "Sicilian: Nimzovich-Rossolimo attack (with ...g6, without ...d6)"]
[ECO "B31"]
[NIC "SI.31"]
[Time "20:02:01"]
[PlyCount "68"]
[TimeControl "4500+10"]

1. e4 c5 2. Nf3 Nc6 3. Bb5 g6 4. O-O Bg7 5. c3 Nf6 6. e5 Nd5 7. d4 cxd4 8.
cxd4 O-O 9. Nc3 Nc7 10. Bd3 d6 11. Bf4 dxe5 12. dxe5 Bg4 13. Re1 Nd4 14.
Be4 Nxf3+ 15. Bxf3 Qxd1 16. Bxd1 Bxd1 17. Raxd1 Rfd8 18. h3 Rac8 19. Bg3
Kf8 20. f4 h5 21. Bf2 b6 22. Kh2 Bh6 23. Be3 f6 24. exf6 exf6 25. g3 Kf7
26. Kg2 Bf8 27. a3 Be7 28. Kf3 Rb8 29. g4 hxg4+ 30. hxg4 Ne6 31. Rh1 Rxd1
32. Rxd1 Rd8 33. Rxd8 Nxd8 34. Ke4 Ke6 { Game drawn by mutual agreement }
1/2-1/2

[Event "ICC tourney 2332 (75 10)"]
[Site "Internet Chess Club"]
[Date "2021.01.24"]
[Round "6"]
[White "chesslin"]
[Black "chessboy2020"]
[Result "1-0"]
[ICCResult "Black checkmated"]
[WhiteElo "1765"]
[BlackElo "1679"]
[Opening "Queen's pawn: London system"]
[ECO "A45"]
[NIC "QP.07"]
[Time "20:01:58"]
[PlyCount "103"]
[TimeControl "4500+10"]

1. d4 Nf6 2. Bf4 g6 3. Nc3 Bg7 4. e4 d6 5. Qd2 Nbd7 6. O-O-O a6 7. f3 b5 8.
g4 c5 9. dxc5 Nxc5 10. e5 Nfd7 11. exd6 O-O 12. Bh6 exd6 13. Bxg7 Kxg7 14.
h4 Rb8 15. h5 b4 16. Nd5 Rh8 17. h6+ Kf8 18. Qd4 Rg8 19. g5 Qxg5+ 20. f4
Qd8 21. Bc4 Ne6 22. Qd2 Nb6 23. Bb3 a5 24. Nxb6 Rxb6 25. Nf3 Qf6 26. Rh4
Bd7 27. Ng5 Nxg5 28. fxg5 Qd8 29. Rf4 Bf5 30. Rd4 Ke7 31. Qe3+ Be6 32. Re4
d5 33. Rxd5 Rd6 34. Qc5 Qd7 35. Rd3 Rd8 36. Red4 Bxb3 37. Rxd6 Qxd6 38.
Rxd6 Rxd6 39. axb3 Ke6 40. Qxa5 Rd5 41. Qb6+ Kf5 42. Qf6+ Kg4 43. Qxf7 Rxg5
44. Qxh7 Rd5 45. Qxg6+ Kf3 46. h7 Ke2 47. Qe4+ Kf2 48. Qxd5 Kg3 49. h8=Q
Kf4 50. Qf6+ Kg3 51. Qdg5+ Kh2 52. Qfh6# { Black checkmated } 1-0

[Event "ICC tourney 2332 (75 10)"]
[Site "Internet Chess Club"]
[Date "2021.01.24"]
[Round "6"]
[White "tricksterssbu"]
[Black "bg26723"]
[Result "0-1"]
[ICCResult "White resigns"]
[WhiteElo "1631"]
[BlackElo "1917"]
[Opening "Caro-Kann: advance variation"]
[ECO "B12"]
[NIC "CK.04"]
[Time "20:01:59"]
[PlyCount "46"]
[TimeControl "4500+10"]

1. e4 c6 2. d4 d5 3. e5 Bf5 4. h4 h5 5. Nf3 e6 6. Bd3 Bxd3 7. Qxd3 c5 8. c3
Nc6 9. O-O cxd4 10. cxd4 Nge7 11. Bg5 Qb6 12. Nc3 Nf5 13. a3 Nfxd4 14. Nxd4
Qxd4 15. Qxd4 Nxd4 16. Rfd1 Nc6 17. f4 Bc5+ 18. Kh2 a6 19. Rac1 Be3 20. Rc2
Nd4 21. Rxd4 Bxd4 22. Na4 b5 23. Nc3 f6 { White resigns } 0-1

[Event "ICC tourney 2332 (75 10)"]
[Site "Internet Chess Club"]
[Date "2021.01.24"]
[Round "6"]
[White "arjunchesszero"]
[Black "Davide25"]
[Result "0-1"]
[ICCResult "White resigns"]
[WhiteElo "1148"]
[BlackElo "1539"]
[Opening "Caro-Kann: advance variation"]
[ECO "B12"]
[NIC "CK.04"]
[Time "20:02:21"]
[PlyCount "48"]
[TimeControl "4500+10"]

1. e4 c6 2. d4 d5 3. e5 Bf5 4. h4 h6 5. Nf3 e6 6. Bd3 Bxd3 7. Qxd3 Nd7 8.
Be3 Qb6 9. Nc3 c5 10. O-O c4 11. Qd2 Bb4 12. a3 Ba5 13. Rfb1 Rc8 14. b4
cxb3 15. Rxb3 Qc6 16. Rab1 Bxc3 17. Qd1 b6 18. Ne1 Bxe1 19. Qxe1 Ne7 20.
Bd2 Qxc2 21. Bb4 Qe4 22. Qd2 Rc4 23. Bxe7 Kxe7 24. Rd1 Rhc8 { White resigns
} 0-1

[Event "ICC tourney 2332 (75 10)"]
[Site "Internet Chess Club"]
[Date "2021.01.24"]
[Round "6"]
[White "Nacaroa-Dan"]
[Black "doudou2011"]
[Result "1-0"]
[ICCResult "Black resigns"]
[WhiteElo "1677"]
[BlackElo "1438"]
[Opening "Sicilian: Grand Prix attack"]
[ECO "B23"]
[NIC "SI.44"]
[Time "20:02:06"]
[PlyCount "81"]
[TimeControl "4500+10"]

1. e4 c5 2. Nc3 Nc6 3. f4 e6 4. Nf3 d5 5. Bb5 g6 6. Bxc6+ bxc6 7. e5 Bg7 8.
O-O Ne7 9. d3 O-O 10. Qe1 Nf5 11. Na4 Qe7 12. b3 Bb7 13. Ba3 Qc7 14. Bxc5
Rfd8 15. Bb4 a5 16. Bd2 c5 17. Nc3 c4 18. d4 Ba6 19. Rf2 Qa7 20. Be3 Rac8
21. Na4 Bf8 22. g4 Nxe3 23. Qxe3 Bh6 24. Nc5 Bb5 25. a4 Ba6 26. h4 cxb3 27.
cxb3 Bf8 28. Nxa6 Qxa6 29. f5 Qc6 30. Raf1 Qc3 31. Qg5 h6 32. Qf4 Qxb3 33.
fxe6 fxe6 34. Nd2 Qb7 35. Qf6 Qe7 36. Qxg6+ Qg7 37. Qxe6+ Kh8 38. Rf7 Qg8
39. R1f6 Rc1+ 40. Kf2 Qxf7 41. Rxf7 { Black resigns } 1-0

[Event "ICC tourney 2332 (75 10)"]
[Site "Internet Chess Club"]
[Date "2021.01.24"]
[Round "6"]
[White "marinaxiao"]
[Black "imranchamp"]
[Result "1/2-1/2"]
[ICCResult "Game drawn by mutual agreement"]
[WhiteElo "1496"]
[BlackElo "1826"]
[Opening "Sicilian: Pelikan, Chelyabinsk variation"]
[ECO "B33"]
[NIC "SI.37"]
[Time "20:02:00"]
[PlyCount "48"]
[TimeControl "4500+10"]

1. e4 c5 2. Nf3 Nc6 3. d4 cxd4 4. Nxd4 Nf6 5. Nc3 e5 6. Ndb5 d6 7. Bg5 a6
8. Na3 b5 9. Nd5 Be7 10. Bxf6 Bxf6 11. c3 Ne7 12. Nxf6+ gxf6 13. Be2 f5 14.
exf5 Bxf5 15. Nc2 Rg8 16. Ne3 Be6 17. a4 Rb8 18. axb5 axb5 19. Ra6 Rb6 20.
Ra5 Bd7 21. Qb3 Rb8 22. Ra6 Rb6 23. Ra5 Rb8 24. Ra6 Rb6 { Game drawn by
mutual agreement } 1/2-1/2

[Event "ICC tourney 2332 (75 10)"]
[Site "Internet Chess Club"]
[Date "2021.01.24"]
[Round "6"]
[White "poohfur"]
[Black "blueocean07"]
[Result "1-0"]
[ICCResult "Black checkmated"]
[WhiteElo "1705"]
[BlackElo "1605"]
[Opening "Sicilian: Sveshnikov variation"]
[ECO "B33"]
[NIC "SI.38"]
[Time "20:02:06"]
[PlyCount "61"]
[TimeControl "4500+10"]

1. e4 c5 2. Nf3 Nc6 3. d4 cxd4 4. Nxd4 Nf6 5. Nc3 e5 6. Ndb5 d6 7. Bg5 a6
8. Bxf6 gxf6 9. Na3 b5 10. Nd5 f5 11. exf5 Bxf5 12. c3 Bg7 13. Nc2 Rc8 14.
Nce3 Bg6 15. a4 Rb8 16. axb5 axb5 17. Bd3 e4 18. Bc2 O-O 19. O-O Kh8 20. f4
f5 21. Kh1 b4 22. g4 bxc3 23. bxc3 fxg4 24. f5 Be8 25. Qxg4 Be5 26. Qxe4
Ne7 27. f6 Ng6 28. Ra7 Bc6 29. Rxh7+ Kxh7 30. Qxg6+ Kh8 31. Qg7# { Black
checkmated } 1-0

[Event "ICC tourney 2332 (75 10)"]
[Site "Internet Chess Club"]
[Date "2021.01.24"]
[Round "6"]
[White "PearsonH"]
[Black "pianoboy"]
[Result "0-1"]
[ICCResult "White resigns"]
[WhiteElo "1752"]
[BlackElo "1849"]
[Opening "Queen's pawn, Mason variation, Steinitz counter-gambit"]
[ECO "D00"]
[NIC "QP.08"]
[Time "20:02:51"]
[PlyCount "76"]
[TimeControl "4500+10"]

1. d4 d5 2. Bf4 c5 3. e3 Nc6 4. Nf3 e6 5. c3 Bd6 6. Bg3 Nf6 7. Nbd2 Bxg3 8.
hxg3 Qd6 9. Bd3 h6 10. Qe2 O-O 11. O-O e5 12. dxe5 Nxe5 13. Nxe5 Qxe5 14.
Nf3 Qd6 15. c4 dxc4 16. Bxc4 Be6 17. Rfd1 Qe7 18. Rac1 Rac8 19. Bxe6 Qxe6
20. Qc4 Qxc4 21. Rxc4 Rfd8 22. Rcc1 Kf8 23. Kf1 b6 24. Ke2 Ke7 25. Rxd8
Rxd8 26. Rd1 Rxd1 27. Kxd1 Ke6 28. Ke2 Kd5 29. Nd2 b5 30. f3 c4 31. a3 Nd7
32. Ne4 Ne5 33. Nf2 a5 34. f4 Nd7 35. Kd2 Nc5 36. g4 Ne4+ 37. Nxe4 Kxe4 38.
Ke2 b4 { White resigns } 0-1

[Event "ICC tourney 2332 (75 10)"]
[Site "Internet Chess Club"]
[Date "2021.01.24"]
[Round "6"]
[White "pari538"]
[Black "sillytiger"]
[Result "0-1"]
[ICCResult "White checkmated"]
[WhiteElo "1485"]
[BlackElo "1432"]
[Opening "Sicilian: O'Kelly variation"]
[ECO "B28"]
[NIC "SI.43"]
[Time "20:02:06"]
[PlyCount "126"]
[TimeControl "4500+10"]

1. e4 c5 2. Nf3 a6 3. d4 cxd4 4. Nxd4 Nf6 5. Nc3 e5 6. Nf3 Bb4 7. Bd3 d5 8.
exd5 e4 9. Qe2 Bxc3+ 10. bxc3 O-O 11. Bxe4 Nxe4 12. O-O Nxc3 13. Qc4 Nb5
14. Bf4 Bf5 15. d6 Nd7 16. Qd5 Be6 17. Qxb7 Qb6 18. Qxb6 Nxb6 19. a4 Nc3
20. Nd4 Rfd8 21. Nxe6 fxe6 22. Rfe1 Kf7 23. h3 Nc4 24. a5 Nxd6 25. Be5 Nd5
26. Bxd6 Rxd6 27. Rad1 Rad8 28. c4 Nb4 29. Rxd6 Rxd6 30. Kh2 Rc6 31. Rc1
Nd3 32. Rc2 Ne5 33. c5 Nd3 34. Kg3 Rxc5 35. Ra2 Nb4 36. Ra3 Nc6 37. Ra2
Rxa5 38. Rxa5 Nxa5 39. Kf3 Nc4 40. Ke2 a5 41. Kd3 Ne5+ 42. Kc3 Nc6 43. Kb3
Kf6 44. Ka4 Ke5 45. Kb5 Kd4 46. Ka4 Kd3 47. Kb5 Ke2 48. f4 Ke3 49. g3 Kf3
50. g4 Kxf4 51. Kxc6 a4 52. Kd6 a3 53. Kxe6 a2 54. Kf7 a1=Q 55. Ke7 Qa6 56.
Kf7 Kg5 57. h4+ Kxg4 58. Kg8 Kxh4 59. Kh8 Qb7 60. Kg8 g5 61. Kh8 Kh5 62.
Kg8 Kg6 63. Kh8 Qg7# { White checkmated } 0-1

[Event "ICC tourney 2332 (75 10)"]
[Site "Internet Chess Club"]
[Date "2021.01.24"]
[Round "6"]
[White "JudeNYC"]
[Black "TheDude865"]
[Result "1-0"]
[ICCResult "Black resigns"]
[WhiteElo "1622"]
[BlackElo "1531"]
[Opening "Vienna gambit"]
[ECO "C29"]
[NIC "VG.04"]
[Time "20:02:20"]
[PlyCount "103"]
[TimeControl "4500+10"]

1. e4 e5 2. Nc3 Nf6 3. f4 d6 4. Nf3 Nbd7 5. Bc4 a6 6. Ng5 d5 7. Nxd5 Nxd5
8. Bxd5 Nf6 9. Bxf7+ Ke7 10. Bc4 Bg4 11. Be2 Bxe2 12. Qxe2 Qd6 13. Qc4 Qc6
14. Qxc6 bxc6 15. fxe5 Nd7 16. d4 h6 17. Nf3 g5 18. O-O Bg7 19. c3 c5 20.
Be3 cxd4 21. cxd4 Rab8 22. b3 Rhc8 23. Rac1 c6 24. Rc2 Rb5 25. Rfc1 c5 26.
dxc5 Bxe5 27. Nxe5 Nxe5 28. Rc3 Rb4 29. Bf2 Rxe4 30. Re3 Rxe3 31. Bxe3 Nc6
32. a3 a5 33. Rc4 Rb8 34. Rc3 Ke6 35. Kf2 Kd5 36. Ke2 Nd4+ 37. Bxd4 Kxd4
38. Kd2 h5 39. c6 Rc8 40. Rc4+ Kd5 41. c7 Kd6 42. Kc3 Rxc7 43. Rxc7 Kxc7
44. b4 axb4+ 45. Kxb4 Kb6 46. a4 Kc6 47. a5 Kb7 48. Kb5 Kc7 49. a6 Kb8 50.
Kb6 Ka8 51. Kc6 Ka7 52. Kd5 { Black resigns } 1-0

[Event "ICC tourney 2332 (75 10)"]
[Site "Internet Chess Club"]
[Date "2021.01.24"]
[Round "6"]
[White "AJ2000"]
[Black "Pugnacious"]
[Result "1/2-1/2"]
[ICCResult "Game drawn by mutual agreement"]
[WhiteElo "1646"]
[BlackElo "1760"]
[Opening "Ruy Lopez: Cozio defense"]
[ECO "C60"]
[NIC "RL.04"]
[Time "20:02:04"]
[PlyCount "68"]
[TimeControl "4500+10"]

1. e4 e5 2. Nf3 Nc6 3. Bb5 Nge7 4. d4 exd4 5. Nxd4 g6 6. O-O Bg7 7. Be3 O-O
8. Nc3 a6 9. Bc4 Na5 10. Bb3 Nxb3 11. Nxb3 d6 12. Bd4 f6 13. Qd3 Nc6 14.
Be3 Be6 15. Nd4 Nxd4 16. Bxd4 b5 17. Rfe1 Bc4 18. Qd2 b4 19. Nd5 c5 20. Be3
f5 21. Bg5 Qb8 22. c3 fxe4 23. Rxe4 bxc3 24. Nxc3 Bf7 25. Be7 Re8 26. Bxd6
Qb6 27. Rxe8+ Rxe8 28. Bf4 Rd8 29. Qc2 Qb4 30. Be3 Rb8 31. Na4 Bxa2 32.
Bxc5 Qb3 33. Qxb3+ Bxb3 34. Nc3 Bc4 { Game drawn by mutual agreement }
1/2-1/2

[Event "ICC tourney 2332 (75 10)"]
[Site "Internet Chess Club"]
[Date "2021.01.24"]
[Round "6"]
[White "QueensRule"]
[Black "Theutltl"]
[Result "1-0"]
[ICCResult "Black resigns"]
[WhiteElo "1628"]
[BlackElo "1468"]
[Opening "Sicilian: Alapin's variation (2.c3)"]
[ECO "B22"]
[NIC "SI.46"]
[Time "20:02:00"]
[PlyCount "47"]
[TimeControl "4500+10"]

1. e4 c5 2. c3 d5 3. exd5 Qxd5 4. d4 cxd4 5. cxd4 Nc6 6. Be3 Nf6 7. Nc3 Qd8
8. d5 Ne5 9. Bb5+ Bd7 10. Bxd7+ Qxd7 11. Nf3 Ng6 12. O-O e6 13. dxe6 Qxe6
14. Re1 Be7 15. Bh6 Qg4 16. Bxg7 Nf4 17. Qa4+ Nd7 18. Rxe7+ Kxe7 19. Nd5+
Kd8 20. Nxf4 Qxg7 21. Rd1 b5 22. Qe4 Rc8 23. Ne5 Rc7 24. Qf5 { Black
resigns } 1-0

[Event "ICC tourney 2332 (75 10)"]
[Site "Internet Chess Club"]
[Date "2021.01.24"]
[Round "6"]
[White "Roger436"]
[Black "rokrchess"]
[Result "1-0"]
[ICCResult "Black checkmated"]
[WhiteElo "1755"]
[BlackElo "1619"]
[Opening "Sicilian: dragon, Yugoslav attack, 7...O-O"]
[ECO "B76"]
[NIC "SI.17"]
[Time "20:02:04"]
[PlyCount "99"]
[TimeControl "4500+10"]

1. e4 c5 2. Nf3 d6 3. d4 cxd4 4. Nxd4 Nf6 5. Nc3 g6 6. f3 Bg7 7. Be3 O-O 8.
Qd2 Nc6 9. g4 a6 10. h4 h5 11. gxh5 Nxh5 12. Rg1 Bf6 13. O-O-O Bd7 14. Bc4
Kh7 15. Nxc6 bxc6 16. Bh6 Bxc3 17. bxc3 Ng7 18. h5 Nxh5 19. Bxf8 Qxf8 20.
Qg5 Be8 21. Rd2 f6 22. Qg4 Rb8 23. f4 d5 24. exd5 cxd5 25. Bxd5 f5 26. Qg5
e6 27. Bb3 a5 28. Rd8 Rxd8 29. Qxd8 Nxf4 30. Qc7+ Qg7 31. Qxf4 Qh6 32.
Qxh6+ Kxh6 33. Bxe6 Bc6 34. Kd2 f4 35. c4 g5 36. Bd5 Bd7 37. c5 g4 38. c6
Bc8 39. Ke2 Ba6+ 40. c4 Bc8 41. Bf7 Kg5 42. Be8 g3 43. Bd7 Ba6 44. c7 Bxc4+
45. Kf3 Bd5+ 46. Ke2 f3+ 47. Ke3 Kh4 48. c8=Q f2 49. Qh8+ Kg5 50. Rxg3# {
Black checkmated } 1-0

[Event "ICC tourney 2332 (75 10)"]
[Site "Internet Chess Club"]
[Date "2021.01.24"]
[Round "6"]
[White "Nikhilp"]
[Black "TheChessShark"]
[Result "1-0"]
[ICCResult "Black resigns"]
[WhiteElo "1731"]
[BlackElo "1888"]
[Opening "Philidor: Hanham variation"]
[ECO "C41"]
[NIC "KP.08"]
[Time "20:02:16"]
[PlyCount "97"]
[TimeControl "4500+10"]

1. e4 e5 2. Nf3 d6 3. d4 Nd7 4. Bc4 c6 5. dxe5 dxe5 6. Nc3 Be7 7. Ng5 Bxg5
8. Qh5 Qf6 9. Bxg5 Qg6 10. Qxg6 hxg6 11. a4 Ngf6 12. O-O Nc5 13. f3 Ne6 14.
Bxe6 Bxe6 15. Rfd1 Nd7 16. Rd6 O-O 17. Rad1 Nf6 18. a5 Ne8 19. R6d2 f6 20.
Be3 Nc7 21. Na4 Rfe8 22. Nc5 b6 23. axb6 axb6 24. Nxe6 Nxe6 25. Rd6 Ra2 26.
Rb1 Nf4 27. g3 Ne2+ 28. Kf1 Nd4 29. Bxd4 exd4 30. Rxc6 b5 31. Ke2 Raa8 32.
Kd3 Red8 33. Rc5 Rab8 34. Rd5 b4 35. Rxd4 Kf7 36. Rxd8 Rxd8+ 37. Ke3 b3 38.
c4 Ke6 39. Rc1 Kd6 40. Rd1+ Kc7 41. Rxd8 Kxd8 42. Kd4 Kc7 43. Kc3 f5 44.
exf5 gxf5 45. Kxb3 g5 46. Kc3 g4 47. f4 Kc6 48. Kd4 Kd6 49. b4 { Black
resigns } 1-0

[Event "ICC tourney 2332 (75 10)"]
[Site "Internet Chess Club"]
[Date "2021.01.24"]
[Round "6"]
[White "Sricharan07"]
[Black "MariusC"]
[Result "0-1"]
[ICCResult "White resigns"]
[WhiteElo "1877"]
[BlackElo "1763"]
[Opening "Queen's gambit accepted"]
[ECO "D20"]
[NIC "QG.03"]
[Time "20:02:00"]
[PlyCount "68"]
[TimeControl "4500+10"]

1. d4 d5 2. c4 dxc4 3. e3 e5 4. Bxc4 exd4 5. exd4 Nf6 6. Ne2 Nc6 7. O-O Bd6
8. h3 O-O 9. Bg5 h6 10. Be3 Re8 11. Nbc3 Bf5 12. Rc1 a6 13. a3 b5 14. Ba2
b4 15. Na4 Ne7 16. Nc5 Ned5 17. Bd2 bxa3 18. bxa3 Rb8 19. Nc3 c6 20. Nxd5
cxd5 21. Bc3 Qb6 22. Bb4 a5 23. Na4 Qd8 24. Bc5 Bf4 25. Rc3 Ne4 26. Rf3 g5
27. g3 Bxh3 28. gxf4 Bxf1 29. Kxf1 g4 30. Re3 Qh4 31. Qe1 g3 32. fxg3 Qh1+
33. Ke2 Qg2+ 34. Kd1 Qxa2 { White resigns } 0-1

[Event "ICC tourney 2332 (75 10)"]
[Site "Internet Chess Club"]
[Date "2021.01.24"]
[Round "6"]
[White "kasraei"]
[Black "smartgoldfish"]
[Result "1-0"]
[ICCResult "Black checkmated"]
[WhiteElo "1064"]
[BlackElo "1277"]
[Opening "Queen's pawn, Mason variation"]
[ECO "D00"]
[NIC "QP.08"]
[Time "20:02:08"]
[PlyCount "145"]
[TimeControl "4500+10"]

1. d4 d5 2. Bf4 Bf5 3. Nf3 Nf6 4. Nbd2 e6 5. e3 Be7 6. Nh4 Bg4 7. f3 Bh5 8.
g4 Nxg4 9. fxg4 Bxh4+ 10. Bg3 Bg6 11. Nf3 Bf6 12. h4 h6 13. Bd3 O-O 14. Qd2
c6 15. O-O-O Nd7 16. g5 hxg5 17. hxg5 Bxg5 18. Nxg5 Qxg5 19. Bf4 Qd8 20.
Qh2 f5 21. Rdg1 Qe8 22. Qg2 e5 23. dxe5 Nxe5 24. Bxe5 Qxe5 25. Qxg6 Qxe3+
26. Kb1 Qe5 27. Qh7+ Kf7 28. Bxf5 Rh8 29. Qg6+ Ke7 30. a3 Rxh1 31. Rxh1 Rf8
32. Bd3 Qf6 33. Re1+ Kd6 34. Rg1 Qxg6 35. Rxg6+ Kc5 36. Rxg7 b5 37. Rxa7
Rf4 38. b4+ Kb6 39. Re7 Rd4 40. Kb2 Rh4 41. Re6 Rh8 42. Kb3 Ra8 43. Bg6 Ra6
44. Be8 Kc7 45. Bg6 Kb6 46. Bh5 Kb7 47. Bf3 Kb6 48. Bxd5 Kc7 49. Rxc6+ Rxc6
50. Bxc6 Kxc6 51. a4 Kb6 52. axb5 Kxb5 53. c4+ Kb6 54. c5+ Kb5 55. Kc3 Kc6
56. Kc4 Kb7 57. Kd5 Kc7 58. b5 Kb7 59. Kd6 Kc8 60. Kc6 Kb8 61. Kd7 Kb7 62.
c6+ Ka7 63. c7 Kb6 64. c8=R Ka7 65. b6+ Kxb6 66. Rc7 Kb5 67. Kd6 Kb6 68.
Rc5 Kb7 69. Rb5+ Ka6 70. Rb1 Ka7 71. Kc6 Ka8 72. Kc7 Ka7 73. Ra1# { Black
checkmated } 1-0

[Event "ICC tourney 2332 (75 10)"]
[Site "Internet Chess Club"]
[Date "2021.01.24"]
[Round "6"]
[White "castle2king"]
[Black "VianYang"]
[Result "1/2-1/2"]
[ICCResult "Game drawn by mutual agreement"]
[WhiteElo "1660"]
[BlackElo "1620"]
[Opening "Sicilian: Canal-Sokolsky (Nimzovich-Rossolimo, Moscow) attack"]
[ECO "B51"]
[NIC "SI.01"]
[Time "20:02:07"]
[PlyCount "95"]
[TimeControl "4500+10"]

1. e4 c5 2. Nf3 d6 3. Bb5+ Nd7 4. O-O Nf6 5. Re1 a6 6. Bd3 Qc7 7. c3 b5 8.
Bc2 Bb7 9. d4 e6 10. a4 Be7 11. Nbd2 O-O 12. Nf1 Rfc8 13. Bd3 Bc6 14. d5
exd5 15. exd5 Nxd5 16. Be4 N7f6 17. Bf5 Re8 18. axb5 axb5 19. Rxa8 Bxa8 20.
Bb1 Qd7 21. Ng3 g6 22. Ba2 Bf8 23. Rxe8 Qxe8 24. h3 c4 25. Nd4 Nc7 26. Bb1
Ne6 27. Kf1 Nxd4 28. Qxd4 Qe5 29. Qxe5 dxe5 30. Bg5 Nd7 31. Be3 f5 32. f4
exf4 33. Bxf4 Nc5 34. Be3 Na4 35. Bc1 Kf7 36. Bc2 Nc5 37. Be3 Ne4 38. Nxe4
Bxe4 39. Bd1 Bg7 40. g4 b4 41. Bd2 Ke6 42. Kf2 Kd5 43. Ke3 f4+ 44. Kxf4
Be5+ 45. Ke3 g5 46. Kf2 Bf4 47. Bxf4 gxf4 48. Bf3 { Game drawn by mutual
agreement } 1/2-1/2

[Event "ICC tourney 2332 (75 10)"]
[Site "Internet Chess Club"]
[Date "2021.01.24"]
[Round "6"]
[White "kevinsun"]
[Black "chessp1234"]
[Result "0-1"]
[ICCResult "White resigns"]
[WhiteElo "1213"]
[BlackElo "1784"]
[Opening "Caro-Kann: exchange variation"]
[ECO "B13"]
[NIC "CK.02"]
[Time "20:02:10"]
[PlyCount "98"]
[TimeControl "4500+10"]

1. e4 c6 2. d4 d5 3. exd5 cxd5 4. Bd3 Nc6 5. c3 Qc7 6. Nf3 Bg4 7. O-O e6 8.
Be3 Nf6 9. Nbd2 Bd6 10. h3 Bh5 11. Qc2 Bg6 12. c4 O-O 13. c5 Nb4 14. Qb3
Nxd3 15. cxd6 Qxd6 16. Nh4 Nb4 17. Nxg6 hxg6 18. Nf3 Qe7 19. Ne5 Rac8 20.
Rac1 Nc6 21. Nxc6 bxc6 22. Rc2 Rb8 23. Qd3 Rb6 24. Rfc1 Qb7 25. b3 Rc8 26.
Bd2 Ne4 27. Ba5 Rb5 28. b4 Qd7 29. a4 Rbb8 30. Qa6 c5 31. dxc5 Qxa4 32.
Qxa7 Rxb4 33. Bb6 Qxa7 34. Bxa7 Ra4 35. Bb6 Rc6 36. g4 g5 37. f3 Nf6 38.
Kg2 Ra8 39. Kf2 Nd7 40. Ke3 Nxb6 41. cxb6 Rxb6 42. Rc7 Rba6 43. Rb7 R6a7
44. Rcc7 Rxb7 45. Rxb7 Ra3+ 46. Ke2 Ra2+ 47. Ke3 Rh2 48. Rb8+ Kh7 49. Rb7
Kg6 { White resigns } 0-1

[Event "ICC tourney 2332 (75 10)"]
[Site "Internet Chess Club"]
[Date "2021.01.24"]
[Round "6"]
[White "Ethan719"]
[Black "SparkyNinja"]
[Result "1-0"]
[ICCResult "Black forfeits on time"]
[WhiteElo "1826"]
[BlackElo "1596"]
[Opening "Réti opening"]
[ECO "A05"]
[NIC "QP.11"]
[Time "20:02:38"]
[PlyCount "71"]
[TimeControl "4500+10"]

1. Nf3 Nf6 2. b3 d5 3. Bb2 e6 4. e3 Bd6 5. c4 O-O 6. Be2 b6 7. cxd5 exd5 8.
O-O c5 9. d4 Bb7 10. Nbd2 Nbd7 11. Re1 Re8 12. Bd3 Ne4 13. Nf1 Rc8 14. Rc1
Ndf6 15. N3d2 h6 16. f3 Nxd2 17. Qxd2 a6 18. Qf2 cxd4 19. Bxd4 Be5 20. Bxe5
Rxe5 21. Ng3 Rxc1 22. Rxc1 Bc8 23. Qc2 Re8 24. Kf2 Qe7 25. Nf1 Bb7 26. Qb2
b5 27. Qd4 Qa3 28. Rc2 Rc8 29. Re2 Qc5 30. Qe5 Qc3 31. Qf5 Ne4+ 32. Bxe4
dxe4 33. fxe4 Qc6 34. Ng3 Re8 35. Rd2 g6 36. Qg4 { Black forfeits on time }
1-0